 Dungeon Crawl Stone Soup version 0.31-a0-164-g2312942fda (webtiles) character file.

Game seed: 15261940659926033541

126 qw the Shooter (level 5, -3/44 (49) HPs)
             Began as a Naga Hunter on June 13, 2023.
             Slain by a wight
             ... wielding a +0 falchion
              (6 damage)
             ... on level 4 of the Dungeon.
             The game lasted 00:00:59 (2903 turns).

qw the Shooter (Naga Hunter)                        Turns: 2903, Time: 00:00:59

HP:   -3/44 (49)    AC:  8    Str: 19    XL:     5   Next: 10%
MP:   5/5           EV:  7    Int: 10    God:
Gold: 124           SH:  0    Dex: 16    Spells: 4/4 levels left

rFire   . . .        Y - +0 shortbow
rCold   . . .        (shield currently unavailable)
rNeg    . . .        c - +0 leather armour
rPois   +            (no helmet)
rElec   .            (no cloak)
rCorr   .            (no gloves)
SInv    +            a - +1 barding {Stlth+}
Will    .....        (no amulet)
Stlth   +++          h - +6 ring of strength
HPRegen 0.27/turn    (no ring)
MPRegen 0.09/turn

%: no passive effects
@: heavily drained, very slow
A: AC +1, large, see invisible, deformed body, poison resistance, slowness 2,
spit poison 1, naga tail 1
a: Spit Poison


You were on level 4 of the Dungeon.
You visited 1 branch of the dungeon, and saw 4 of its levels.

You collected 181 gold pieces.
You spent 57 gold pieces at shops.


Innate Abilities, Weirdness & Mutations

Your serpentine skin is tough. (AC +1)
You have supernaturally acute eyesight. (SInv)
Armour fits poorly on your strangely shaped body.
Your system is resistant to poisons. (rPois)
You cover ground very slowly.
You can spit poison.
You have a snake-like lower body.


   Skills:
 - Level 3.0 Fighting
 + Level 5.0 Ranged Weapons
 - Level 1.0 Armour
 - Level 1.5 Dodging
 - Level 1.5 Stealth


You had 4 spell levels left.
You didn't know any spells.
Your spell library was empty.

Inventory:

Hand Weapons
 Y - a +0 shortbow (weapon)
Armour
 a - a +1 barding of stealth (worn)
 c - a +0 leather armour (worn)
 f - a +0 helmet
Jewellery
 h - a +6 ring of strength (left hand)
Scrolls
 e - a scroll of identify
Potions
 b - a potion of mutation {unknown}
 i - a potion of might {unknown}
 j - a potion of cancellation {unknown}
 k - a potion of curing
 m - a potion of heal wounds {unknown}

Dungeon Overview and Level Annotations

Branches:
Dungeon (4/15)
 Temple: D:4-7

Altars:
Kikubaaqudgha
Ru

Shops:
D:3 *

Annotations:
D:3 3 runed translucent doors, qw's ghost, amateur GrFi
D:4 exclusion: 3 wights


Message History

Enter note:
Enter note:
Enter note:
Enter note:
Enter note:
Enter note: You shoot an arrow.
The arrow hits the wight but does no damage.
You shoot an arrow. The arrow hits the wight.
The wight is lightly damaged.
You shoot an arrow.
The arrow hits the wight but does no damage.
The wight is lightly damaged.
The wight hits you with a +0 falchion.
You feel drained. The wight hits you with a +0 falchion.
You shoot an arrow. The arrow closely misses the wight.
The wight hits you with a +0 falchion.
You feel drained.
The wight hits you from afar with a +0 halberd.
You shoot an arrow.
The arrow hits the wight but does no damage.
The wight is lightly damaged.
The wight hits you but does no damage. x2
You shoot an arrow.
The arrow hits the wight but does no damage.
The wight is lightly damaged.
The wight hits you with a +0 falchion. The wight hits you but does no damage.
You shoot an arrow.
The arrow hits the wight but does no damage.
The wight is lightly damaged.
The wight hits you with a +0 falchion!
The wight hits you from afar with a +0 halberd.
You feel drained.
You shoot an arrow. The arrow hits the wight!
The wight is severely damaged.
The wight barely misses you.
The wight hits you from afar with a +0 halberd!
You shoot an arrow. The arrow hits the wight.
The wight is almost destroyed.
The wight hits you with a +0 falchion.
You die...

.....#######...........
.......z.........#####.
.....#######......# #.
.... ###...## #. # .#
##.## #. .### #.# #.
z.# #.# #. #z# ##'## #.
#@# ##...## ## ##.#
##.....## ##..#
##%......##
##...####.........###
#.......'.........'..
##...####.........#..
##..# ##.......##.#
##.# ##.....###.# #.#
##...## #.#


You could see 2 wights.

Vanquished Creatures
  A hound (D:4)
  3 adders (D:4)
  2 worms
  2 dart slugs
  4 orcs (D:4)
  3 endoplasms
  7 giant cockroaches
  3 goblins
  5 hobgoblins
  4 jackals (D:1)
  3 kobolds
  2 quokkas
  2 ball pythons
  5 bats
  5 rats
51 creatures vanquished.

Notes
Turn   | Place    | Note
-------+----------+-------------------------------------------
     0 | D:1      | qw the Naga Hunter began the quest for the Orb.
     0 | D:1      | Reached XP level 1. HP: 19/19 MP: 1/1
     0 | D:1      | 0 ||| qw: Version: 0.2-a-29-gc1b59c4
     0 | D:1      | 0 ||| qw: Game counter: 4463
     0 | D:1      | 0 ||| qw: Always use a shield: true
     0 | D:1      | 0 ||| qw: God list: Okawaru
     0 | D:1      | 0 ||| qw: Allow faded altars: false
     0 | D:1      | 0 ||| qw: Do Orc after D:15 true
     0 | D:1      | 0 ||| qw: Do second Lair branch before Depths: true
     0 | D:1      | 0 ||| qw: Lair rune preference: random
     0 | D:1      | 0 ||| qw: Plans: Normal
     0 | D:1      | 0 ||| PLANNING D:1-11
    11 | D:1      | 11 ||| INVOKING Spit Poison.
    29 | D:1      | 29 ||| INVOKING Spit Poison.
    35 | D:1      | 35 ||| INVOKING Spit Poison.
    48 | D:1      | 48 ||| INVOKING Spit Poison.
    90 | D:1      | Reached skill level 4 in Ranged Weapons
    90 | D:1      | Reached XP level 2. HP: 26/26 MP: 2/2
   104 | D:1      | 104 ||| INVOKING Spit Poison.
   118 | D:1      | 118 ||| INVOKING Spit Poison.
   121 | D:1      | 121 ||| INVOKING Spit Poison.
   151 | D:1      | 151 ||| INVOKING Spit Poison.
   156 | D:1      | 156 ||| INVOKING Spit Poison.
   161 | D:1      | 161 ||| INVOKING Spit Poison.
   165 | D:1      | 165 ||| INVOKING Spit Poison.
   181 | D:1      | 181 ||| INVOKING Spit Poison.
   187 | D:1      | 187 ||| INVOKING Spit Poison.
   296 | D:1      | 296 ||| INVOKING Spit Poison.
   297 | D:1      | Reached XP level 3. HP: 32/32 MP: 3/3
   474 | D:1      | 474 ||| INVOKING Spit Poison.
   489 | D:1      | 489 ||| INVOKING Spit Poison.
   603 | D:1      | 603 ||| READING scroll labelled REHOSULUAG.
   604 | D:1      | 604 ||| READING scroll labelled YDIGUO LAIR.
   609 | D:1      | 609 ||| READING scroll labelled NONADYO CYACUT.
   610 | D:1      | 610 ||| READING scroll labelled KUAGUATUDU.
   610 | D:1      | Identified a scroll of acquirement
   610 | D:1      | 610 ||| ACQUIRING +1 barding of stealth
   610 | D:1      | Acquired a +1 barding of stealth
   612 | D:1      | 612 ||| UPGRADING to +1 barding of stealth.
   617 | D:1      | 617 ||| DROPPING scroll of butterflies.
   794 | D:2      | 794 ||| INVOKING Spit Poison.
   800 | D:2      | 800 ||| INVOKING Spit Poison.
   820 | D:2      | 820 ||| INVOKING Spit Poison.
   823 | D:2      | 823 ||| INVOKING Spit Poison.
   859 | D:2      | 859 ||| INVOKING Spit Poison.
   876 | D:2      | Found a faded altar of an unknown god.
  1011 | D:2      | 1011 ||| INVOKING Spit Poison.
  1016 | D:2      | 1016 ||| INVOKING Spit Poison.
  1028 | D:2      | 1028 ||| INVOKING Spit Poison.
  1196 | D:2      | 1196 ||| UPGRADING to +6 ring of strength.
  1197 | D:2      | 1197 ||| READING 2 scrolls labelled TOARPH USEKLOTH.
  1198 | D:2      | 1198 ||| DRINKING 2 fizzy emerald potions.
  1303 | D:2      | 1303 ||| DRINKING 3 fizzy grey potions.
  1337 | D:2      | 1337 ||| DROPPING potion of berserk rage.
  1338 | D:2      | 1338 ||| DROPPING scroll of poison.
  1339 | D:2      | 1339 ||| DROPPING 2 potions of lignification.
  1383 | D:3      | 1383 ||| INVOKING Spit Poison.
  1398 | D:3      | 1398 ||| INVOKING Spit Poison.
  1532 | D:3      | 1532 ||| INVOKING Spit Poison.
  1635 | D:3      | 1635 ||| INVOKING Spit Poison.
  1641 | D:3      | 1641 ||| INVOKING Spit Poison.
  1755 | D:3      | 1755 ||| INVOKING Spit Poison.
  1758 | D:3      | Found a runed translucent gate.
  1758 | D:3      | Found a runed translucent gate.
  1759 | D:3      | Found a runed translucent gate.
  1761 | D:3      | Noticed qw's ghost (amateur GrFi)
  1805 | D:3      | Found Imie's Assorted Antiques.
  1813 | D:3      | 1813 ||| SHOPLISTING 3 scrolls labelled UGO OWNURO (90
                  | gold, have 83).
  1813 | D:3      | 1813 ||| BUYING black potion (27 gold).
  1813 | D:3      | Bought a black potion for 27 gold pieces
  1813 | D:3      | 1813 ||| SHOPLISTING glowing orcbow (195 gold, have 56).
  1813 | D:3      | 1813 ||| BUYING scroll labelled COQESO KIECYPP (30 gold).
  1813 | D:3      | Bought a scroll labelled COQESO KIECYPP for 30 gold pieces
  1813 | D:3      | 1813 ||| SHOPLISTING scroll labelled COQESO KIECYPP (30
                  | gold, have 26).
  1813 | D:3      | 1813 ||| SHOPLISTING scroll labelled YVOVIO KOUG (30 gold,
                  | have 26).
  2076 | D:3      | 2076 ||| READING scroll labelled JAUNAU DOTEGU.
  2077 | D:3      | 2077 ||| READING scroll labelled ZYWOFU READAI.
  2078 | D:3      | 2078 ||| READING scroll labelled COQESO KIECYPP.
  2079 | D:3      | 2079 ||| READING scroll labelled QYXESA SELON.
  2080 | D:3      | 2080 ||| DRINKING 2 fuming coppery potions.
  2081 | D:3      | 2081 ||| DROPPING potion of attraction.
  2163 | D:4      | Found a sacrificial altar of Ru.
  2164 | D:4      | Found an ancient bone altar of Kikubaaqudgha.
  2212 | D:4      | 2212 ||| INVOKING Spit Poison.
  2217 | D:4      | 2217 ||| INVOKING Spit Poison.
  2220 | D:4      | Reached skill level 5 in Ranged Weapons
  2220 | D:4      | Reached XP level 4. HP: 39/39 MP: 4/4
  2243 | D:4      | 2243 ||| INVOKING Spit Poison.
  2395 | D:4      | 2395 ||| DROPPING scarf of invisibility.
  2395 | D:4      | HP: 9/37 [wight/+0 halberd (2)]
  2396 | D:4      | 2396 ||| READING scroll of teleportation.
  2544 | D:4      | 2544 ||| INVOKING Spit Poison.
  2548 | D:4      | 2548 ||| INVOKING Spit Poison.
  2606 | D:4      | 2606 ||| INVOKING Spit Poison.
  2612 | D:4      | 2612 ||| INVOKING Spit Poison.
  2615 | D:4      | Reached skill level 3 in Fighting
  2665 | D:4      | 2665 ||| INVOKING Spit Poison.
  2671 | D:4      | 2671 ||| INVOKING Spit Poison.
  2723 | D:4      | 2723 ||| INVOKING Spit Poison.
  2767 | D:4      | 2767 ||| INVOKING Spit Poison.
  2829 | D:4      | 2829 ||| INVOKING Spit Poison.
  2832 | D:4      | Reached skill level 1 in Armour
  2832 | D:4      | Reached XP level 5. HP: 49/49 MP: 5/5
  2853 | D:4      | 2853 ||| INVOKING Spit Poison.
  2902 | D:4      | HP: 3/44 [wight/+0 halberd (15)]
  2903 | D:4      | Slain by a wight

Levels and vault maps discovered:
D:1:      scummos_arrival_hexagon, layout_rooms, patterned_corridor
D:2:      layout_loops_cross, ebering_ecumenical_altar_mist
D:3:      layout_basic, gammafunk_ghost_necromancy, serial_shops, shop_statue
D:4:      layout_loops_corners, mainiacjoe_overflow_divided_tiny

Skill      XL: |  1  2  3  4 |
---------------+-------------+-----
Ranged Weapons | 4 5 |  5.0
Fighting       | 3 |  3.0
Armour         | 1 |  1.0
Dodging        | |  1.5
Stealth        | |  1.5

Action                     |  1- 3 |  4- 6 || total
---------------------------+-------+-------++-------
   Fire: Shortbow          |    92 |    37 ||   129
Ability: Spit Poison       |    32 |    11 ||    43
    Use: Scroll            |     9 |     1 ||    10
         Potion            |     3 |       ||     3
 Armour: Leather armour    |    12 |    10 ||    22
  Dodge: Dodged            |    19 |     6 ||    25

Table legend:
 A = Non-vault XP
 B = Vault XP
 C = Vault XP percentage of total XP
 D = Non-vault monster count
 E = Vault monster count
 F = Vault count percentage of total count
                 A         B        C        D         E       F
            +---------+---------+-------+---------+---------+-------
      Total |     181 |       0 |   0.0 |      51 |       0 |   0.0
            +---------+---------+-------+---------+---------+-------
        D:1 |      38 |       0 |   0.0 |      21 |       0 |   0.0
        D:2 |      17 |       0 |   0.0 |       9 |       0 |   0.0
        D:3 |      18 |       0 |   0.0 |       7 |       0 |   0.0
        D:4 |     108 |       0 |   0.0 |      14 |       0 |   0.0
            +---------+---------+-------+---------+---------+-------
